 Dungeon Crawl Stone Soup version 0.26.1-2-gb8aa6d0cf2 (webtiles) character file.

Game seed: 15409694810445625331

168 nightchill the Firebug (level 5, -1/30 HPs)
             Began as a Gargoyle Fire Elementalist on Mar 1, 2021.
             Killed from afar by an orc wizard (13 damage)
             ... with a puff of flame
             ... on level 3 of the Dungeon.
             The game lasted 00:07:12 (3852 turns).

nightchill the Firebug (Gargoyle Fire Elementalist) Turns: 3852, Time: 00:07:12

Health: -1/30      AC:  7    Str: 13    XL:     5   Next: 48%
Magic:  3/8        EV: 12    Int: 15    God:
Gold:   223        SH:  0    Dex: 10    Spells: 4/9 levels left

rFire    . . .     SeeInvis .   i - +0 hand axe
rCold    . . .     Faith    .   (no shield)
rNeg     + . .     Spirit   .   a - +0 robe
rPois    ∞         Reflect  .   (no helmet)
rElec    +         Harm     .   (no cloak)
rCorr    .         Rampage  .   r - +0 pair of gloves
Will     .....                  (no boots)
Stlth    ++........             (no amulet)
HPRegen  0.10/turn              (no ring)
MPRegen  0.11/turn              (no ring)

@: very slightly contaminated
A: negative energy resistance 1, electricity resistance, unbreathing,
petrification resistance, miasma immunity, AC +4
a: no special abilities


You were on level 3 of the Dungeon.
You visited 1 branch of the dungeon, and saw 3 of its levels.

You collected 223 gold pieces.

Inventory:

Hand Weapons
 c - a +0 club
 i - a +0 hand axe (weapon)
Missiles
 f - 6 curare-tipped darts
 h - 32 poisoned darts
Armour
 a - a +0 robe (worn)
 j - a cursed -1 ring mail
 r - a +0 pair of gloves (worn)
 t - a +3 ring mail
Jewellery
 g - a cursed ring of wizardry {unknown}
 l - an uncursed ring of fire {unknown}
 s - a +6 ring of intelligence {unknown}
Scrolls
 b - a scroll of magic mapping {unknown}
 e - a scroll of enchant weapon {unknown}
 k - a scroll of remove curse {unknown}
 o - a scroll of identify {unknown}
Potions
 d - 2 potions of heal wounds {unknown}
 m - 4 potions of brilliance {unknown}
 n - 2 potions of haste {unknown}
 p - 3 potions of might {unknown}
 q - 2 potions of curing {unknown}


   Skills:
 + Level 1.8 Fighting
 * Level 2.0 Axes
 - Level 1.5 Dodging
 - Level 2.1 Stealth
 + Level 2.6 Spellcasting
 + Level 2.3 Conjurations
 * Level 4.1 Fire Magic


You had 4 spell levels left.
You knew the following spells:

 Your Spells              Type           Power        Failure   Level
a - Foxfire               Conj/Fire      44%          5%          1
b - Sticky Flame          Conj/Fire      11%          50%         4

Your spell library contained the following spells:

 Spells                   Type           Power        Failure   Level
 Conjure Flame            Conj/Fire      11%          17%         3
 Inner Flame              Hex/Fire       8%           26%         3
 Fireball                 Conj/Fire      5%           83%         5


Dungeon Overview and Level Annotations

Branches:
Dungeon (3/15)

Altars:
Ashenzari
Uskayaw


Innate Abilities, Weirdness & Mutations

You are resistant to torment.
Your stone body is resilient. (AC +4)
You are immune to poison.
You resist negative energy. (rN+)
You are resistant to electric shocks. (rElec)
You can survive without breathing.
You are immune to petrification.
You are immune to miasma.


Message History

Beogh smites you!
Casting: Foxfire (safe; 5% risk of failure)
Confirm with . or Enter, or press ? or * to list all spells.
You miscast Foxfire.
You are very lightly contaminated with residual magic.
Nothing appears to happen.
The orc priest mumbles some strange prayers to Beogh against you.
You barely resist.
The orc wizard hits you but does no damage.
You hit the orc priest.
The orc priest is heavily wounded.
You barely miss the orc wizard. The orc priest hits you with a +0 mace.
The orc wizard hits you but does no damage.
You writhe in agony.
You hit the orc priest but do no damage.
The orc priest is heavily wounded.
You hit the orc wizard but do no damage.
The orc wizard points at you and mumbles some strange words.
The puff of flame hits you!
You die...

......#..... ..#..........
#####.#.......... ...# #.
......#.......... ...##..
...#............. #..#$.
................. ##..#⌠
....)...†........ ....#
.)....o@......# #...#
...#..o.......# #...##
..............###
.....#########............
#.##...........###....#...
#..............# #....#...
..#............# #........
..+..†.........###........
..####....................


You could see an orc priest and an orc wizard.

Vanquished Creatures
  8 adders (D:2)
  A worm (D:2)
  A dart slug (D:2)
  2 leopard geckos
  3 orcs (D:3)
  2 ball pythons (D:1)
  3 giant cockroaches
  10 goblins
  10 hobgoblins
  6 jackals (D:1)
  12 kobolds
  2 quokkas (D:2)
  10 bats
  6 frilled lizards
  10 rats
86 creatures vanquished.

Vanquished Creatures (others)
  159 foxfires
159 creatures vanquished.

Grand Total: 245 creatures vanquished

Notes
Turn   | Place    | Note
-------+----------+-------------------------------------------
     0 | D:1      | nightchill the Gargoyle Fire Elementalist began the quest
                  | for the Orb.
     0 | D:1      | Reached XP level 1. HP: 10/10 MP: 3/3
   458 | D:1      | Reached XP level 2. HP: 16/16 MP: 3/5
  1136 | D:1      | Reached XP level 3. HP: 20/20 MP: 6/6
  1667 | D:2      | Reached skill level 1 in Fighting
  1845 | D:2      | Found a hide-covered altar of Uskayaw.
  1980 | D:2      | Reached skill level 1 in Axes
  1980 | D:2      | Reached XP level 4. HP: 19/25 MP: 7/7
  2773 | D:2      | Learned a level 4 spell: Sticky Flame
  2917 | D:2      | Found a broken altar of Ashenzari.
  3079 | D:2      | Reached skill level 4 in Fire Magic
  3079 | D:2      | Reached XP level 5. HP: 22/30 MP: 5/8
  3852 | D:3      | Killed from afar by an orc wizard

Illustrated notes

Levels and vault maps discovered:
D:1:      dpeg_arrival_connections, layout_basic
D:2:      layout_loops_corners, ashenzari_altar_1,
          eat_drink_and_be_merry_uskayaw, minmay_joined_circles
D:3:      cheibrodos_pilgrimage, layout_basic, lemuel_round_altar, uniq_robin

Skill      XL: |  1  2  3  4  5 |
---------------+----------------+-----
Fighting       | 1 |  1.8
Axes           | 1 2 |  2.0
Conjurations   | 2 |  2.3
Fire Magic     | 4 |  4.1
Dodging        | |  1.5
Stealth        | |  2.1
Spellcasting   | |  2.6

Action                   |  1- 3 |  4- 6 || total
-------------------------+-------+-------++-------
Melee: Unarmed           |    11 |       ||    11
       Club              |    31 |       ||    31
       Hand axe          |    74 |    46 ||   120
 Cast: Foxfire           |    40 |    57 ||    97
 Stab: Sleeping          |     3 |     2 ||     5
Armor: Robe              |    58 |    48 ||   106
Dodge: Dodged            |   105 |    85 ||   190
